 Dungeon Crawl Stone Soup version 0.24-a0-132-ge4b1dce (webtiles) character file.

Game seed: 18084600623298391503

375 Inarius the Destroyer (level 7, -1/36 HPs)
             Began as a Kobold Air Elementalist on Feb 27, 2019.
             Killed by nerve-wracking pain
             ... invoked by an orc priest
              (6 damage)
             ... on level 4 of the Dungeon.
             The game lasted 00:10:59 (4442 turns).

Inarius the Destroyer (Kobold Air Elementalist)     Turns: 4442, Time: 00:11:00

Health: -1/36      AC:  2    Str:  5    XL:     7   Next: 3%
Magic:  0/11       EV: 16    Int: 18    God:
Gold:   94         SH:  4    Dex: 16    Spells: 1/11 levels left

rFire    . . .     SeeInvis .   j - +1 short sword (elec)
rCold    . . .     Gourm    .   (shield restricted)
rNeg     . . .     Faith    .   a - +0 robe
rPois    .         Spirit   .   (no helmet)
rElec    .         Reflect  +   (no cloak)
rCorr    .         Harm     .   (no gloves)
MR       .....                  (no boots)
Stlth    +++.......             u - +4 amulet of reflection
HPRegen  0.12/turn              (no ring)
MPRegen  0.12/turn              (no ring)

@: swift, very quick
A: small, carnivore
a: no special abilities


You were on level 4 of the Dungeon.
You were completely stuffed.

You visited 1 branch of the dungeon, and saw 4 of its levels.

You collected 94 gold pieces.

Inventory:

Hand Weapons
 j - a +1 short sword of electrocution (weapon)
Armour
 a - a +0 robe (worn)
Jewellery
 u - a +4 amulet of reflection (around neck)
Wands
 f - a wand of flame (18)
 p - a wand of acid (4)
Scrolls
 d - 2 scrolls of enchant weapon
 g - a scroll of teleportation
 h - a scroll of immolation {unknown}
 k - a scroll of enchant armour {unknown}
 m - 2 scrolls of identify
 n - a scroll of amnesia {unknown}
 o - a scroll of remove curse {unknown}
Potions
 b - a potion of brilliance
 e - 2 potions of heal wounds
 i - a potion of curing {unknown}
 l - a potion of haste {unknown}
 q - a potion of agility {unknown}
 r - a potion of mutation {unknown}
 s - a potion of lignification {unknown}
Comestibles
 c - 4 rations
 t - 3 chunks of flesh


   Skills:
 + Level 3.2 Dodging
 + Level 3.4 Stealth
 + Level 2.6 Spellcasting
 + Level 12.2 Conjurations
 * Level 4.3 Air Magic


You had one spell level left.
You knew the following spells:

 Your Spells              Type           Power        Failure   Level  Hunger
a - Shock                 Conj/Air       ####         1%          1    #......
b - Static Discharge      Conj/Air       ####....     1%          3    ###....
c - Swiftness             Chrm/Air       ##......     11%         2    ##.....
d - Airstrike             Air            ###.......   28%         4    #####..

Your spell library contained the following spells:

 Spells                   Type           Power        Failure   Level  Hunger
 Lightning Bolt           Conj/Air       ####......   16%         5    ######.


Dungeon Overview and Level Annotations

Branches:
Dungeon (4/15)
 Temple: D:4-7

Altars:
Fedhas
Ru

Annotations:
D:2 1 runed translucent door, Crazy Yiuf, Sigmund


Innate Abilities, Weirdness & Mutations

You are small and have problems with some larger weapons.
You are carnivorous and can eat meat at any time.


Message History

Unknown command.
Casting: Shock (safe; 1% risk of failure)
Confirm with . or Enter, or press ? or * to list all spells.
You feel quick.
The orc priest invokes the aid of Beogh against you.
Beogh smites you!
* * * LOW HITPOINT WARNING * * *
The bullfrog skeleton closely misses you.
Casting: Swiftness (safe; 11% risk of failure)
Confirm with . or Enter, or press ? or * to list all spells.
Aiming: Airstrike (quite dangerous; 28% risk of failure)
Press: ? - help, Dir - move target cursor, f - bullfrog skeleton
Aim: a bullfrog skeleton The air twists around and strikes the bullfrog skeleton!
The bullfrog skeleton is moderately damaged.
The bullfrog skeleton hits you.
* * * LOW HITPOINT WARNING * * *
The orc priest invokes the aid of Beogh against you.
Pain shoots through your body!
You die...

#......≈≈≈.. ##...##
#.....≈.≈≈. .......#
#.........# #.......
#.........# #.......
###.........#####.......
...............#.......#
..##$....................
..?....o........#>.......
#.).).Z@.###............
...#####.........##......
#......#..............
......%....#...####<.###
.........#.#...# #.##
.......#...(...# #.#
..#....#.##.#### #.# .
.......# .# ..# ...... ..
###


You could see an orc priest and a bullfrog skeleton.

Vanquished Creatures
  A bullfrog (D:3)
  Natasha (thrice) (D:3)
  4 gnolls
  5 adders (D:2)
  A worm (D:3)
  A dart slug (D:2)
  3 orcs (D:4)
  A ball python (D:3)
  6 bats
  5 giant cockroaches
  6 goblins
  2 hobgoblins
  2 quokkas
  8 frilled lizards
  7 kobolds
  7 rats
62 creatures vanquished.

Notes
Turn   | Place    | Note
-------+----------+-------------------------------------------
     0 | D:1      | Inarius the Kobold Air Elementalist began the quest for the
                  | Orb.
     0 | D:1      | Reached XP level 1. HP: 10/10 MP: 3/3
   236 | D:1      | Reached XP level 2. HP: 15/15 MP: 1/5
   952 | D:2      | Reached XP level 3. HP: 14/19 MP: 0/6
  1018 | D:2      | Found a sacrificial altar of Ru.
  1480 | D:1      | Reached XP level 4. HP: 21/24 MP: 3/7
  1556 | D:1      | Learned a level 3 spell: Static Discharge
  1559 | D:1      | Learned a level 2 spell: Swiftness
  1732 | D:2      | Reached skill level 2 in Conjurations
  2198 | D:2      | Reached XP level 5. HP: 28/28 MP: 8/8
  2246 | D:2      | Noticed Sigmund
  2272 | D:2      | Reached skill level 12 in Conjurations
  2272 | D:2      | Reached XP level 6. HP: 27/32 MP: 7/9
  2280 | D:2      | HP: 1/32 [something/puff of flame (4)]
  2811 | D:2      | Learned a level 4 spell: Airstrike
  2934 | D:2      | Found a runed translucent door.
  2935 | D:2      | Noticed Crazy Yiuf
  3713 | D:3      | Noticed Natasha
  3716 | D:3      | Killed Natasha
  3722 | D:3      | Noticed Natasha
  4170 | D:3      | Killed Natasha
  4273 | D:3      | Noticed Natasha
  4275 | D:3      | Killed Natasha
  4275 | D:3      | Reached XP level 7. HP: 36/36 MP: 8/11
  4403 | D:4      | Found a blossoming altar of Fedhas.
  4442 | D:4      | Killed from afar by an orc priest

Levels and vault maps discovered:
D:1:      psy_arrival_fountain, layout_rooms, serial_bayou, serial_bayou_pond_c,
          serial_bayou_pond_d, serial_bayou_lagoon_a, serial_bayou_pond_d,
          interstate_on_off
D:2:      layout_basic, nicolae_ru_awakened_eye, uniq_crazy_yiuf_cottage,
          uniq_sigmund
D:3:      layout_basic, uniq_natasha
D:4:      layout_rooms, fedhas_altar_2, minmay_temple_entry_mini_moons,
          first_ration

Skill      XL: |  1  2  3  4  5  6 |
---------------+-------------------+-----
Stealth        | 3 |  3.4
Air Magic      | 4 |  4.3
Conjurations   | 2 12 | 12.2
Dodging        | 3 |  3.2
Spellcasting   | |  2.6

Action                   |  1- 3 |  4- 6 |  7- 9 || total
-------------------------+-------+-------+-------++-------
Melee: Unarmed           |     2 |       |       ||     2
       Dagger            |     4 |       |       ||     4
       Short sword       |       |    11 |       ||    11
 Cast: Shock             |    52 |    65 |    11 ||   128
       Swiftness         |       |     2 |     1 ||     3
       Airstrike         |       |       |     1 ||     1
  Use: Potion            |       |     4 |       ||     4
       Scroll            |       |     2 |     2 ||     4
 Stab: Sleeping          |       |     5 |       ||     5
  Eat: Chunk             |     8 |    12 |       ||    20
Armor: Robe              |     4 |     1 |       ||     5
Dodge: Dodged            |    18 |    19 |     1 ||    38
Block: Other             |       |       |     1 ||     1

Table legend:
 A = Non-vault XP
 B = Vault XP
 C = Vault XP percentage of total XP
 D = Non-vault monster count
 E = Vault monster count
 F = Vault count percentage of total count
                 A         B        C        D         E       F
            +---------+---------+-------+---------+---------+-------
      Total |     370 |      36 |   8.9 |      61 |       1 |   1.6
            +---------+---------+-------+---------+---------+-------
        D:1 |      61 |       0 |   0.0 |      16 |       0 |   0.0
        D:2 |     110 |       0 |   0.0 |      24 |       0 |   0.0
        D:3 |     190 |      36 |  15.9 |      18 |       1 |   5.3
        D:4 |       9 |       0 |   0.0 |       3 |       0 |   0.0
            +---------+---------+-------+---------+---------+-------
